 Seeded DCSS version 0.29.1-12-g30fa7ad0bf (webtiles) character file.

Game seed: 20230103 (custom seed)

52 stormannn the Conjurer (level 3, -2/19 HPs)
             Began as a Deep Elf Conjurer on Jan 3, 2023.
             Killed by divine providence
             ... invoked by an orc priest
              (11 damage)
             ... on level 2 of the Dungeon.
             The game lasted 00:02:38 (1694 turns).

stormannn the Conjurer (Deep Elf Conjurer)          Turns: 1694, Time: 00:02:39

Health: -2/19      AC:  4    Str:  4    XL:     3   Next: 60%
Magic:  6/9        EV: 12    Int: 24    God:
Gold:   88         SH:  0    Dex: 13    Spells: 5/8 levels left

rFire   + . .      SeeInvis +   (no weapon)
rCold   . . .      Faith    .   (no shield)
rNeg    . . .      Spirit   .   a - +0 robe
rPois   .          Reflect  .   i - +2 hat of Philately {rF+ SInv}
rElec   .          Harm     .   (no cloak)
rCorr   .          Rampage  .   (no gloves)
Will    .....                   (no boots)
Stlth   ++........              (no amulet)
HPRegen 0.06/turn               (no ring)
MPRegen 0.11/turn               (no ring)

@: no status effects
A: no striking features
a: no special abilities


You were on level 2 of the Dungeon.
You visited 1 branch of the dungeon, and saw 2 of its levels.

You collected 88 gold pieces.

Inventory:

Missiles
 g - 2 poisoned darts
Armour
 a - a +0 robe (worn)
 i - the +2 hat of Philately (worn) {rF+ SInv}
   (You acquired it on level 1 of the Dungeon)

   rF:        It protects you from fire.
   SInv:      It lets you see invisible.
Scrolls
 c - 2 scrolls of blinking {unknown}
 d - a scroll of identify {unknown}
 e - 4 scrolls of noise {unknown}
 f - 2 scrolls of teleportation {unknown}
 j - a scroll of summoning {unknown}
 k - a scroll of poison {unknown}
Potions
 b - a potion of magic
 h - 3 potions of brilliance {unknown}


   Skills:
 - Level 2.4 Dodging
 - Level 2.4 Stealth
 - Level 3.0 Spellcasting
 * Level 5.2 Conjurations
 * Level 2.4 Translocations


You had 5 spell levels left.
You knew the following spells:

 Your Spells              Type           Power      Damage    Failure   Level
a - Magic Dart            Conj           100%       1d8       1%          1
b - Searing Ray           Conj           56%        2d6       1%          2

Your spell library contained the following spells:

 Spells                   Type           Power      Damage    Failure   Level
 Dazzling Flash           Conj/Hex       32%        N/A       11%         3
 Iskenderun's Mystic Bla  Conj/Tloc      22%        2d6       22%         4
 Fulminant Prism          Conj/Hex       8%         3d7       36%         4


Dungeon Overview and Level Annotations

Branches:
Dungeon (2/15)

Altars:


Message History

The orc priest shouts!
The goblin shouts!
You hear a shout! x2
A goblin comes into view. It is wielding a +0 club.
A hobgoblin comes into view.
You hear a shout! x2
Casting: Magic Dart (safe; 1% risk of failure)
Confirm with . or Enter, or press ? or * to list all spells.
Aiming: Magic Dart (safe; 1% risk of failure)
Press: ? - help, Shift-Dir - straight line, f/p - orc priest
Aim: an orc priest, wielding a +2 dagger of venom and wearing a +0 ring mail (100% to hit)
The magic dart hits the orc priest.
The orc priest is moderately wounded.
The hobgoblin shouts!
The goblin shouts!
A goblin comes into view. It is wielding a +0 club.
The orc priest calls down the wrath of Beogh upon you.
Beogh smites you!
Ouch! That really hurt!
Casting: Magic Dart (safe; 1% risk of failure)
Confirm with . or Enter, or press ? or * to list all spells.
You can't see any susceptible monsters within range! (Use Z to cast anyway.)
You see here a +0 dagger.
Casting: Magic Dart (safe; 1% risk of failure)
Confirm with . or Enter, or press ? or * to list all spells.
Aiming: Magic Dart (safe; 1% risk of failure)
Press: ? - help, Shift-Dir - straight line, f/p - orc priest
Aim: an orc priest, wielding a +2 dagger of venom and wearing a +0 ring mail (moderately wounded, 100% to hit)
The magic dart hits the hobgoblin.
The hobgoblin is lightly wounded.
Things that are here:
a +0 club; 3 boomerangs; an orc corpse
Casting: Magic Dart (safe; 1% risk of failure)
Confirm with . or Enter, or press ? or * to list all spells.
Aiming: Magic Dart (safe; 1% risk of failure)
Press: ? - help, Shift-Dir - straight line, f - hobgoblin
Aim: a hobgoblin (lightly wounded, 100% to hit)
The magic dart hits the hobgoblin!
You kill the hobgoblin!
The orc priest mumbles some strange prayers to Beogh against you.
Beogh smites you!
Ouch! That really hurt!
You die...

.###.# #.# #.#..# #.# #.#
#....# #.# #.## #.##.#
#.# #.## .g#####.##.# #.#
#.## #.ggo..go.†# #.#
#.## ..#####†#..# #.# #
#.#
#.#.o#####.########.##.##
#.#..)).@........##......
#g##############.#####.##
#.# #.# #...## ..#
#.###.##.. ... #.##.)..##
#......... ####....#.
##.##.. #.###.


You could see an orc priest.

Vanquished Creatures
  A gnoll (D:1)
  An adder (D:2)
  A dart slug (D:1)
  2 orcs (D:2)
  2 ball pythons (D:1)
  2 endoplasms
  A giant cockroach (D:1)
  4 goblins
  5 hobgoblins
  A kobold (D:1)
  A quokka (D:1)
  2 bats (D:2)
  A frilled lizard (D:1)
  2 rats
26 creatures vanquished.

Notes
Turn   | Place    | Note
-------+----------+-------------------------------------------
     0 | D:1      | stormannn the Deep Elf Conjurer began the quest for the
                  | Orb.
     0 | D:1      | Reached XP level 1. HP: 10/10 MP: 6/6
   233 | D:1      | Reached skill level 1 in Translocations
   233 | D:1      | Reached XP level 2. HP: 10/15 MP: 0/8
   985 | D:1      | Reached skill level 5 in Conjurations
  1026 | D:1      | Reached XP level 3. HP: 19/19 MP: 6/9
  1436 | D:1      | Identified a scroll of acquirement
  1436 | D:1      | Acquired the +2 hat of Philately {rF+ SInv}
  1631 | D:2      | Learned a level 2 spell: Searing Ray
  1694 | D:2      | Killed from afar by an orc priest

Illustrated notes

Levels and vault maps discovered:
D:1:      dpeg_arrival_tiny_k, layout_loops_ring
D:2:      layout_loops_ring, minmay_pentomino_r2, uniq_crazy_yiuf_cottage,
          uniq_sigmund, uniq_robin

Skill      XL: |  1  2 |
---------------+-------+-----
Translocations | 1 2 |  2.4
Conjurations   | 5 |  5.2
Dodging        | |  2.4
Stealth        | |  2.4
Spellcasting   | |  3.0

Action                   || total
-------------------------++-------
Melee: Unarmed           ||    11
       Punch             ||     1
 Cast: Magic Dart        ||    57
       Searing Ray       ||     1
  Use: Scroll            ||     1
Armor: Robe              ||     1
Dodge: Dodged            ||    15
